 Dungeon Crawl Stone Soup version 0.31-a0-574-g69dc8cc98e (webtiles) character file.

Game seed: 2999182366365853003

105 Shayle the Ruffian (level 4, -1/45 HPs)
             Began as an Ogre Shapeshifter on Aug 18, 2023.
             Slain by a gnoll
             ... wielding a +0 halberd
              (9 damage)
             ... on level 3 of the Dungeon.
             The game lasted 00:05:08 (2085 turns).

Shayle the Ruffian (Ogre Shapeshifter)              Turns: 2085, Time: 00:05:08

Health: -1/45      AC:  3    Str: 19    XL:     4   Next: 81%
Magic:  7/7        EV:  9    Int: 11    God:
Gold:   49         SH:  0    Dex:  9    Spells: 7/7 levels left

rFire   . . .        k - +2 demon whip (pain)
rCold   . . .        (no shield)
rNeg    . . .        a - +0 animal skin
rPois   .            (helmet currently unavailable)
rElec   .            (cloak currently unavailable)
rCorr   .            (gloves unavailable)
SInv    .            (boots unavailable)
Will    .....        (no amulet)
Stlth   +            (no ring)
HPRegen 0.27/turn    (no ring)
MPRegen 0.10/turn

%: no passive effects
@: beast-form, attractive
A: beast (slay +2), large, unfitting armour, tough skin 1
a: Begin Untransformation


You were on level 3 of the Dungeon.
You were a hulking beast.
You visited 1 branch of the dungeon, and saw 3 of its levels.

You collected 224 gold pieces.
You spent 175 gold pieces at shops.

Inventory:

Hand Weapons
 k - a +2 demon whip of pain (weapon)
 p - a +2 short sword of draining
Armour
 a - a +0 animal skin (worn)
Jewellery
 h - a ring of fire
Talismans
 c - a beast talisman (active)
 d - a flux talisman
Scrolls
 e - 3 scrolls of identify {unknown}
 f - a scroll of immolation {unknown}
 j - a scroll of enchant weapon {unknown}
 l - 2 scrolls of teleportation {unknown}
 n - a scroll of revelation {unknown}
 q - a scroll of poison {unknown}
 r - a scroll of amnesia {unknown}
 s - a scroll of vulnerability {unknown}
 u - a scroll of enchant armour {unknown}
Potions
 b - a potion of lignification
 g - a potion of mutation {unknown}
 i - 2 potions of attraction
 m - a potion of enlightenment {unknown}
 o - a potion of haste {unknown}


   Skills:
 + Level 3.2 Fighting
 - Level 1.7 Dodging
 + Level 3.4 Unarmed Combat
 + Level 2.2 Spellcasting
 + Level 1.3 Necromancy
 - Level 3.0 Shapeshifting


You had 7 spell levels left.
You didn't know any spells.
Your spell library contained the following spells:

 Spells                   Type           Power      Damage    Failure   Level
 Summon Small Mammal      Summ           4%         N/A       28%         1
 Call Canine Familiar     Summ           1%         N/A       65%         3
 Summon Guardian Golem    Hex/Summ       1%         N/A       65%         3


Dungeon Overview and Level Annotations

Branches:
Dungeon (3/15)

Altars:

Shops:
D:1 :   D:3 **


Innate Abilities, Weirdness & Mutations

You are a hulking beast.
Your limbs bulge with bestial killing power. (Slay +2)
You are too large for most types of armour.
You have tough skin. (AC +1)


Message History

The kobold hits you with a +0 dagger.
You hit the kobold.
You kill the kobold!
The gnoll hits you but does no damage.
Aiming: Paralyse
Press: ? - help, Shift-Dir - straight line, f - gnoll
Aim: a gnoll, wielding a +0 heavy spear (chance to affect: 57%)
The gnoll suddenly stops moving!
The now-empty wand crumbles to dust.
Things that are here:
a +0 dagger; 5 stones; a kobold corpse The helpless gnoll fails to defend itself.
You hit the gnoll.
The gnoll is moderately wounded.
The helpless gnoll fails to defend itself.
You thrash the gnoll!!
You kill the gnoll!
The ball python bites you but does no damage.
You closely miss the ball python.
The ball python bites you but does no damage.
You hit the ball python.
The ball python is moderately wounded.
The ball python bites you but does no damage.
You barely miss the ball python. Your punch misses the ball python.
The ball python completely misses you. The ball python barely misses you.
You closely miss the ball python. The ball python barely misses you.
You whack the ball python!
You kill the ball python!
You whack the gnoll!
The gnoll is severely wounded.
The gnoll misses you.
The gnoll hits you from afar with a +0 halberd!
You whack the gnoll!
You kill the gnoll!
The gnoll hits you from afar with a +0 halberd!
* * * LOW HITPOINT WARNING * * *
Okay, then.
It was a potion of attraction.
You feel attractive to monsters.
The gnoll hits you from afar with a +0 halberd!
You die...

.≈≈≈..# #.# #.# #.. ≈≈≈≈≈.# .#
#.## ##.. ≈≈≈≈≈∩# # .. ##.##
##.## ≈≈≈≈≈.###. #. #..###.##
.≈≈≈..##..##. #.#...##
.....###....∩ ####.##.## ######
..... #[......# #######
#..########.##.#### ......#
#...g)h...#.##.##
#####.############...)##..# #####
#.................##..###....
#################.............###
......>..# #.......).#####
########.# ##...#.#..# #.#
#####.#..# #.# #.#..# #.#####
#.#..# #####


You could see a gnoll.

Vanquished Creatures
  2 gnolls (D:3)
  An adder (D:2)
  A white imp (D:3)
  2 worms (D:2)
  2 dart slugs
  6 orcs
  4 endoplasms
  2 giant cockroaches
  5 goblins
  4 hobgoblins
  4 kobolds
  3 quokkas
  9 ball pythons
  2 bats
  3 frilled lizards
  3 rats (D:1)
53 creatures vanquished.

Notes
Turn   | Place    | Note
-------+----------+-------------------------------------------
     0 | D:1      | Shayle the Ogre Shapeshifter began the quest for the Orb.
     0 | D:1      | Reached XP level 1. HP: 19/19 MP: 1/1
   231 | D:1      | Reached XP level 2. HP: 28/28 MP: 3/3
   277 | D:1      | Reached skill level 1 in Spellcasting
   386 | D:1      | Found Kugois's Book Emporium.
   613 | D:2      | Reached XP level 3. HP: 22/36 MP: 3/5
  1568 | D:3      | Reached XP level 4. HP: 44/44 MP: 6/6
  1675 | D:3      | Reached skill level 1 in Necromancy
  1930 | D:3      | Found Woobac's Assorted Antiques.
  1939 | D:3      | Bought a scroll labelled VAOLOA NIESIR for 25 gold pieces
  1939 | D:3      | Bought a scroll labelled MEIXZU GADIETT for 25 gold pieces
  1939 | D:3      | Bought a scroll labelled ADWI BANUKHU for 25 gold pieces
  1939 | D:3      | Bought a fluorescent wand for 100 gold pieces
  2066 | D:3      | Found Hicroyre's Assorted Antiques.
  2085 | D:3      | Slain by a gnoll

Illustrated notes

Levels and vault maps discovered:
D:1:      minmay_arrival_split_and_join, layout_basic, serial_shops, shop
D:2:      layout_basic
D:3:      minmay_razor_zed, layout_loops_ring, serial_shops,
          nicolae_square_shop, nicolae_lakefront_shop,
          nicolae_figureground_pulse

Skill      XL: |  1  2  3  4 |
---------------+-------------+-----
Fighting       | 2 3 |  3.2
Spellcasting   | 1 2 |  2.2
Unarmed Combat | 3 |  3.4
Necromancy     | 1 |  1.3
Dodging        | |  1.7
Shapeshifting  | |  3.0

Action                     |  1- 3 |  4- 6 || total
---------------------------+-------+-------++-------
  Melee: Unarmed           |    32 |       ||    32
         Demon whip        |    32 |    34 ||    66
         Punch             |     1 |       ||     1
  Evoke: Wand              |       |     2 ||     2
    Use: Potion            |       |     1 ||     1
   Stab: Sleeping          |     1 |       ||     1
         Paralysed         |       |     2 ||     2
 Armour: Animal skin       |    12 |    11 ||    23
  Dodge: Dodged            |    41 |    14 ||    55

Table legend: (Time is in decaauts)
 A = Elapsed time spent in this place.
 B = Non-inter-level travel time spent in this place.
 C = Inter-level travel time spent in this place.
 D = Time resting spent in this place.
 E = Time spent auto-exploring this place.
 F = Levels seen in this place.
 G = Mean time per level.
                   A        B        C        D        E       F      G
               +--------+--------+--------+--------+--------+-----+--------+
         Total |   2090 |   2039 |     51 |    100 |   1501 |   3 |  696.7 |
       Dungeon |   2090 |   2039 |     51 |    100 |   1501 |   3 |  696.7 |
               +--------+--------+--------+--------+--------+-----+--------+

Top non-repeatable levels by time:
     D:2: 972 daAuts
     D:1: 583 daAuts
     D:3: 534 daAuts
